 Dungeon Crawl Stone Soup version 0.21.1-1-g345015f (webtiles) character file.

2408 rgaf the Nimble (level 9, -1/48 (51) HPs)
             Began as a Kobold Berserker on July 7, 2018.
             Was an Elder of Trog.
             Slain by an orc warrior
             ... wielding a +0 short sword
              (11 damage)
             ... on level 6 of the Dungeon.
             The game lasted 00:08:46 (7753 turns).

rgaf the Nimble (Kobold Berserker)                  Turns: 7753, Time: 00:08:46

HP:   -1/48 (51)    AC: 11    Str: 21    XL:     9   Next: 75%
MP:   9/9           EV: 17    Int:  8    God:    Trog [****..]
Gold: 262           SH:  0    Dex: 15    Spells: 8/8 levels left

rFire    . . .     SeeInvis .   q - +2 short sword (venom)
rCold    . . .     Gourm    .   (shield restricted)
rNeg     . . .     Faith    .   B - +0 chain mail
rPois    .         Spirit   .   y - +0 helmet
rElec    .         Reflect  .   n - +0 cloak
rCorr    .         Harm     .   G - +0 pair of gloves
MR       .....                  (no boots)
Stlth    ..........             (no amulet)
HPRegen  0.16/turn              s - +4 ring of strength
MPRegen  0.11/turn              u - +2 ring of slaying

@: berserk cooldown, slowed, very slow
A: small, carnivore
a: Berserk, Trog's Hand, Brothers in Arms, Burn Spellbooks, Renounce Religion


You were on level 6 of the Dungeon.
You worshipped Trog.
Trog was greatly pleased with you.
You were very full.

You visited 1 branch of the dungeon, and saw 6 of its levels.
You also visited: Ossuary.

You collected 262 gold pieces.

Inventory:

Hand Weapons
 a - a +0 short sword
 q - a +2 short sword of venom (weapon)
Missiles
 j - 59 bolts
Armour
 b - a +0 animal skin
 n - a +0 cloak (worn)
 p - a scarf of repulsion
 r - a +0 scale mail
 t - a +0 plate armour
 y - a +0 helmet (worn)
 B - a +0 chain mail (worn)
 G - a +0 pair of gloves (worn)
Jewellery
 s - a +4 ring of strength (left hand)
 u - a +2 ring of slaying (right hand)
 C - an uncursed ring of protection from magic
Wands
 w - a wand of flame (18)
 E - a wand of polymorph (9)
 F - a wand of paralysis (10)
 H - a wand of iceblast (6)
Scrolls
 d - 2 scrolls of magic mapping
 f - 4 scrolls of teleportation
 g - 8 scrolls of remove curse
 k - a scroll of acquirement {unknown}
 l - 6 scrolls of identify
 D - 3 scrolls of immolation
Potions
 e - 9 potions of degeneration {unknown}
 h - 3 potions of heal wounds
 i - 2 potions of magic {unknown}
 m - a potion of brilliance
 o - 4 potions of lignification
 v - a potion of flight {unknown}
 x - 3 potions of might {unknown}
 z - 2 potions of curing {unknown}
 A - 3 potions of ambrosia {unknown}
Comestibles
 c - 7 rations
 I - 3 chunks of flesh


   Skills:
 - Level 3.2 Fighting
 - Level 8.6 Short Blades
 - Level 1.5 Armour
 + Level 12.9 Dodging


You had 8 spell levels left.
You didn't know any spells.

Dungeon Overview and Level Annotations

Branches:
Dungeon (6/15)             Temple (0/1) D:4

Altars:
Elyvilon
Gozag
Hepliaklqana
Nemelex Xobeh
Okawaru
Sif Muna
Vehumet

Shops:
D:5 :   D:6 (


Innate Abilities, Weirdness & Mutations

You are small and have problems with some larger weapons.
You are carnivorous and can eat meat at any time.


Message History

Your chain mail prevents you from hitting the orc warrior.
You closely miss the orc warrior. The orc warrior closely misses you.
Your chain mail prevents you from hitting the orc warrior.
You puncture the orc warrior!
The orc warrior is poisoned.
The orc warrior is moderately wounded.
The orc warrior hits you with a short sword.
* * * LOW HITPOINT WARNING * * *
You barely miss the orc warrior.
The orc warrior is moderately wounded.
You hit the orc warrior but do no damage.
The orc warrior looks as sick as possible!
The orc warrior is moderately wounded.
You feel a strong urge to attack something.
You are no longer berserk.
You are exhausted.
You feel yourself slow down.
You closely miss the orc warrior.
The orc warrior is severely wounded.
The orc warrior hits you with a short sword!
You die...

####.# #.######
#.# #.# # #.# #)#
# #.# #.# # #.#
#.###### #.#
#)#.....
######.####.#.####
#.o..<......#.# #
#@####.######.# #
#.# #..# #.# #.#
#.## #.# #.# #.#
#.# #.# #.# #.#
#.# #.# #.####
#.###.#######.#.[.
#................#
#####....#######.#


You could see an orc warrior.

Vanquished Creatures
  Pikel (D:4)
  Menkaure (D:6)
  3 ice beasts
  An orc warrior (D:6)
  A slave (D:4)
  A necrophage (D:6)
  2 ogres (D:5)
  2 phantoms
  2 centaurs (D:5)
  2 bullfrogs
  A scorpion (D:6)
  2 centaur zombies (Ossuary)
  A human zombie (Ossuary)
  An orc priest (D:5)
  A hound (D:5)
  A bullfrog skeleton (D:3)
  An iguana (D:4)
  3 orc wizards
  A worker ant (D:6)
  2 big kobold zombies (Ossuary)
  2 hound skeletons
  6 mummies (Ossuary)
  Robin (D:4)
  11 adders
  An ooze (D:4)
  An adder skeleton (D:5)
  2 worms
  3 dart slugs
  4 leopard geckos
  13 orcs
  5 giant cockroaches
  A gnoll zombie (Ossuary)
  13 goblins
  14 hobgoblins
  21 jackals
  9 kobolds
  A quokka (D:5)
  2 ball pythons
  8 bats
  9 frilled lizards
  A hobgoblin zombie (Ossuary)
  A kobold zombie (Ossuary)
  A leopard gecko skeleton (D:2)
  A leopard gecko zombie (D:5)
  8 rats
169 creatures vanquished.

Vanquished Creatures (others)
  A centaur skeleton (D:4)
1 creature vanquished.

Grand Total: 170 creatures vanquished

Notes
Turn   | Place    | Note
-------+----------+-------------------------------------------
     0 | D:1      | rgaf the Kobold Berserker began the quest for the Orb.
     0 | D:1      | Reached XP level 1. HP: 14/14 MP: 1/1
   274 | D:1      | Reached XP level 2. HP: 17/19 MP: 2/2
   373 | D:1      | Reached skill level 3 in Dodging
   545 | D:1      | Reached XP level 3. HP: 11/23 MP: 3/3
  1045 | D:1      | Reached ** piety under Trog
  1228 | D:1      | Reached skill level 5 in Short Blades
  1808 | D:2      | Reached XP level 4. HP: 28/28 MP: 4/4
  1816 | D:2      | Reached skill level 4 in Dodging
  2680 | D:3      | Reached XP level 5. HP: 17/32 MP: 5/5
  3219 | D:3      | Found a deep blue altar of Sif Muna.
  3807 | D:3      | Reached skill level 5 in Dodging
  3810 | D:3      | Reached *** piety under Trog
  4073 | D:4      | Noticed a bullfrog
  4088 | D:4      | Killed a bullfrog
  4088 | D:4      | Reached XP level 6. HP: 27/37 MP: 6/6
  4254 | D:4      | Noticed a slave
  4254 | D:4      | Noticed a slave
  4257 | D:4      | Noticed a slave
  4258 | D:4      | Noticed Pikel
  4286 | D:4      | Noticed a slave
  4289 | D:4      | Killed a slave
  4294 | D:4      | Killed Pikel
  4294 | D:4      | Reached skill level 7 in Dodging
  4294 | D:4      | Reached XP level 7. HP: 23/41 MP: 7/7
  4294 | D:4      | Reached XP level 8. HP: 26/46 MP: 8/8
  4638 | D:4      | Noticed Robin
  4679 | D:4      | Killed Robin
  4781 | D:4      | Found a white marble altar of Elyvilon.
  4808 | D:4      | Found a staircase to the Ecumenical Temple.
  5380 | D:5      | Entered Level 5 of the Dungeon
  5428 | D:5      | Found Wanesos's Book Boutique.
  5474 | D:5      | Found a sparkling altar of Nemelex Xobeh.
  5477 | D:5      | Found an iron altar of Okawaru.
  5480 | D:5      | Found a radiant altar of Vehumet.
  5504 | D:5      | Reached skill level 8 in Dodging
  5545 | D:5      | Found a hazy altar of Hepliaklqana.
  5754 | D:5      | Found an opulent altar of Gozag.
  5769 | D:5      | Reached skill level 9 in Dodging
  6322 | D:5      | Reached **** piety under Trog
  6322 | D:5      | Reached skill level 10 in Dodging
  6626 | D:5      | Reached XP level 9. HP: 48/51 MP: 9/9
  6692 | D:6      | Found a sand-covered staircase.
  6706 | Ossuary  | Entered an ossuary
  6861 | Ossuary  | Reached skill level 11 in Dodging
  7367 | D:6      | Noticed Menkaure
  7373 | D:6      | Killed Menkaure
  7373 | D:6      | Reached skill level 12 in Dodging
  7609 | D:6      | Found Xacotid's Weapon Boutique.
  7726 | D:5      | Noticed a rust devil
  7726 | D:5      | Noticed a rust devil
  7753 | D:6      | Slain by an orc warrior

Skill      XL: |  1  2  3  4  5  6  7  8  9 |
---------------+----------------------------+-----
Dodging        | 3 4 5 7 10 12 | 12.9
Short Blades   | 5 6 8 |  8.6
Fighting       | |  3.2
Armour         | |  1.5

Action                   |  1- 3 |  4- 6 |  7- 9 || total
-------------------------+-------+-------+-------++-------
Melee: Short sword       |   154 |   168 |   405 ||   727
Invok: Berserk           |     4 |     3 |     5 ||    12
  Use: Scroll            |       |     3 |     7 ||    10
 Stab: Sleeping          |     1 |     1 |       ||     2
  Eat: Chunk             |    13 |    11 |    17 ||    41
Armor: Animal skin       |    29 |    20 |       ||    49
       Scale mail        |       |       |    27 ||    27
       Chain mail        |       |       |    46 ||    46
Dodge: Dodged            |   124 |   140 |   171 ||   435
